 Dungeon Crawl Stone Soup version 0.22.0-38-g04b72b8 (webtiles) character file.

287 HEYYEYAAE the Poker (level 5, -3/45 HPs)
             Began as a Demigod Gladiator on Aug 30, 2018.
             Killed by divine providence
             ... invoked by an orc priest
              (16 damage)
             ... on level 3 of the Dungeon.
             The game lasted 00:01:55 (2059 turns).

HEYYEYAAE the Poker (Demigod Gladiator)             Turns: 2059, Time: 00:01:57

Health: -3/45      AC:  4    Str: 19    XL:     5   Next: 81%
Magic:  7/7        EV: 11    Int: 12    God:
Gold:   56         SH:  0    Dex: 17    Spells: 4/4 levels left

rFire    . . .     SeeInvis .   k - +0 dagger (drain)
rCold    . . .     Gourm    .   (no shield)
rNeg     . . .     Faith    .   b - +0 leather armour
rPois    .         Spirit   .   c - +0 helmet
rElec    .         Reflect  .   (no cloak)
rCorr    .         Harm     .   (no gloves)
MR       .....                  (no boots)
Stlth    +.........             (no amulet)
HPRegen  0.15/turn              (no ring)
MPRegen  0.10/turn              (no ring)

@: flying, heavily drained
A: high mp 1
a: no special abilities


You were on level 3 of the Dungeon.
You were not hungry.

You visited 1 branch of the dungeon, and saw 3 of its levels.

You collected 56 gold pieces.

Inventory:

Hand Weapons
 a - a +0 trident
 k - a +0 dagger of draining (weapon)
Missiles
 d - 3 throwing nets (quivered)
Armour
 b - a +0 leather armour (worn)
 c - a +0 helmet (worn)
Wands
 h - a wand of iceblast (12)
Scrolls
 e - 2 scrolls of enchant armour {unknown}
 g - 7 scrolls of identify {unknown}
 i - 3 scrolls of remove curse {unknown}
 j - 2 scrolls of teleportation {unknown}
 m - a scroll of enchant weapon {unknown}
Comestibles
 f - 4 rations


   Skills:
 + Level 3.6(1.3) Fighting
 * Level 5.3(3.0) Polearms
 - Level 1.7(0.0) Throwing
 - Level 2.6(0.5) Dodging


You had 4 spell levels left.
You didn't know any spells.
Your spell library contained the following spells:

 Spells                   Type           Power        Failure   Level  Hunger
 Confusing Touch          Hex            #.....       36%         1    ##.....
 Confuse                  Hex            #.......     75%         3    ####...
 Gell's Gravitas          Tloc           #.........   75%         3    ####...
 Petrify                  Tmut/Erth      #.......     98%         4    #####..
 Metabolic Englaciation   Hex/Ice        #.........   100%        5    ######.
 Yara's Violent Unravell  Hex/Tmut       #.........   100%        5    ######.


Dungeon Overview and Level Annotations

Branches:
Dungeon (3/15)


Innate Abilities, Weirdness & Mutations

You have an increased reservoir of magic. (+10% MP)


Message History

The orc priest hits you but does no damage.
You closely miss the orc priest.
The orc priest is moderately wounded.
The orc priest hits you but does no damage.
You hit the orc priest but do no damage.
The orc priest is moderately wounded.
The orc priest barely misses you.
You hit the orc priest.
The orc priest is heavily wounded.
The orc priest barely misses you.
You hit the orc priest but do no damage.
You drain the orc priest!
The orc priest is heavily wounded.
The orc priest hits you with a short sword.
* * * LOW HITPOINT WARNING * * *
You hit the orc priest but do no damage.
The orc priest is heavily wounded.
The orc priest invokes the aid of Beogh against you.
Beogh smites you!
You die...

#.# #.# #.#
#.# #.# #.#
### #)# #.#
####.# #.#
#..^.# #@#
#.########o#
#.#
#....##.#
#.#
#...†...#
#.#
#..######
#.# #..#
#######.#
#..#
........#
#..#
.>...<..#
#..#


You could see an orc priest.

Vanquished Creatures
  Sigmund (D:3)
  Ijyb (D:3)
  4 adders
  5 worms
  A dart slug (D:2)
  2 leopard geckos
  3 orcs (D:3)
  6 bats
  A giant cockroach (D:1)
  6 goblins
  3 hobgoblins (D:2)
  3 jackals (D:1)
  7 kobolds
  A quokka (D:2)
  5 ball pythons
  A frilled lizard (D:2)
  2 rats
52 creatures vanquished.

Notes
Turn   | Place    | Note
-------+----------+-------------------------------------------
     0 | D:1      | HEYYEYAAE the Demigod Gladiator began the quest for the Orb.
     0 | D:1      | Reached XP level 1. HP: 17/17 MP: 3/3
   179 | D:1      | Reached skill level 3 in Polearms
   202 | D:1      | Reached XP level 2. HP: 14/24 MP: 4/4
   753 | D:2      | Reached XP level 3. HP: 27/30 MP: 5/5
  1447 | D:3      | Reached skill level 4 in Polearms
  1474 | D:3      | Noticed Sigmund
  1482 | D:3      | Reached XP level 4. HP: 24/37 MP: 6/6
  1504 | D:3      | Killed Sigmund
  1504 | D:3      | Reached skill level 5 in Polearms
  1504 | D:3      | Reached XP level 5. HP: 30/45 MP: 7/7
  1612 | D:3      | Noticed Ijyb
  1631 | D:3      | Killed Ijyb
  1692 | D:3      | Found a stormy altar of Qazlal.
  2059 | D:3      | Killed from afar by an orc priest

Skill      XL: |  1  2  3  4 |
---------------+-------------+-----
Fighting       | 2 3 |  3.6
Polearms       | 3 4 5 |  5.3
Throwing       | |  1.7
Dodging        | |  2.6

Action                   |  1- 3 |  4- 6 || total
-------------------------+-------+-------++-------
Melee: Trident           |   114 |    37 ||   151
       Dagger            |       |    37 ||    37
  Use: Potion            |     4 |     3 ||     7
 Stab: Sleeping          |     1 |     1 ||     2
  Eat: Chunk             |     2 |     2 ||     4
Armor: Leather armour    |    18 |    13 ||    31
Dodge: Dodged            |    51 |    40 ||    91
